Map: Mementos LE

Players

Jura

  • Race: Protoss Protoss
  • League: Silver
  • Spawn Location: 7:00

BLEYSHADOW

  • Race: Protoss Protoss
  • Spawn Location: 6:00

benoit

  • Race: Terran Terran
  • Spawn Location: 9:00

KuzuPirzola

  • Race: Terran Terran
  • Spawn Location: 9:00

Pizza - Winner!

  • Race: Protoss Protoss
  • League: Gold
  • Spawn Location: 1:00

Parker - Winner!

  • Race: Terran Terran
  • Spawn Location: 3:00

MooEsqoo - Winner!

  • Race: Protoss Protoss
  • Spawn Location: 3:00

mallware - Winner!

  • Race: Zerg Zerg
  • Spawn Location: 12:00

VOD

Have the link to the VOD?

Description

Time

  • Played on: Nov. 14, 2019, 12:30 p.m.
  • Length: 22:00
Show
View Real Time Build Order
Export as new Build Order

Jura Protoss 

Build Orders:  

Get SALT Encoding   

  12  0:34  Pylon  
  12  0:39  Assimilator  
  12  0:42  Assimilator  
  12  0:44  Probe  
  13  0:56  Probe  
  14  1:01  Forge  
  14  1:08  Probe  
  15  1:20  Probe (Chrono Boost)  
  16  1:31  Probe (Chrono Boost)  
  17  1:39  Probe (Chrono Boost)  
  18  1:46  Probe (Chrono Boost)  
  19  1:52  Probe  
  20  1:58  Gateway  
  20  2:04  Probe  
  21  2:34  Pylon  
  21  2:37  Pylon  
  21  2:42  Pylon  
  21  2:48  Pylon  
  21  2:51  Pylon  
  21  2:55  Pylon  
  21  2:59  Probe (Chrono Boost)  
  21  3:00  Pylon  
  22  3:09  Probe (Chrono Boost)  
  23  3:14  Probe (Chrono Boost)  
  24  3:25  Probe  
  25  3:37  Probe  
  26  3:44  Cybernetics Core  
  26  3:58  Nexus  
  26  4:02  Assimilator  
  26  4:08  Assimilator  
  26  4:16  Nexus  
  26  4:18  Assimilator  
  26  4:24  Assimilator  
  26  5:17  Stalker (Chrono Boost)  
  28  5:29  Photon Cannon  
  28  5:35  Photon Cannon  
  28  5:37  Photon Cannon  
  28  5:38  Stalker  
  28  5:42  Probe (Chrono Boost)  
  31  5:46  Probe (Chrono Boost)  
  32  5:57  Probe x2 (Chrono Boost)  
  34  6:00  Stargate  
  34  6:01  Probe (Chrono Boost)  
  34  6:02  Stargate  
  35  6:04  Probe  
  35  6:10  Stargate  
  36  6:12  Probe  
  36  6:13  Stargate  
  36  6:17  Probe  
  38  6:24  Probe  
  39  6:26  Pylon  
  39  6:30  Probe (Chrono Boost)  
  40  6:36  Probe (Chrono Boost)  
  41  6:46  Probe (Chrono Boost)  
  43  6:47  Probe (Chrono Boost)  
  43  6:54  Probe (Chrono Boost)  
  44  6:58  Probe (Chrono Boost)  
  44  7:00  Void Ray (Chrono Boost)  
  57  7:02  Void Ray x2 (Chrono Boost)  
  57  7:17  Void Ray (Chrono Boost)  
  61  7:37  Warp Gate  
  61  7:39  Stalker  
  63  7:51  Photon Cannon  
  63  7:53  Photon Cannon  
  63  7:55  Photon Cannon  
  63  8:09  Stalker  
  45  8:45  Void Ray x4  
  61  8:53  Photon Cannon  
  61  8:56  Photon Cannon  
  61  9:02  Shield Battery  
  61  9:08  Shield Battery  
  61  9:15  Gateway  
  61  9:19  Gateway  
  61  9:26  Gateway  
  61  9:28  Void Ray x4, Gateway  
  77  9:33  Stalker  
  79  9:43  Pylon  
  79  9:46  Pylon  
  79  9:49  Pylon  
  79  9:52  Pylon  
  79  10:10  Void Ray  
  81  10:42  Void Ray x3  
  93  10:53  Void Ray  
  97  10:59  Stalker x2  
  97  11:00  Stalker  
  103  11:13  Twilight Council  
  103  11:46  Protoss Air Weapons Level 1  
  79  12:47  Photon Cannon  
  79  12:50  Photon Cannon  
  78  12:52  Photon Cannon  
  78  12:53  Photon Cannon  
  78  12:54  Photon Cannon  
  78  12:59  Photon Cannon  
  78  13:02  Photon Cannon  
  78  13:07  Blink, Pylon  
  78  13:09  Pylon  
  78  13:10  Phoenix x2, Pylon  
  78  13:11  Pylon  
  82  13:15  Pylon  
  80  13:55  Protoss Air Armor Level 1  
  80  14:14  Robotics Facility  
  80  14:26  Phoenix x4  
  88  14:53  Dark Shrine  
  88  14:58  Probe (Chrono Boost)  
  89  15:09  Probe (Chrono Boost)  
  89  15:14  Probe (Chrono Boost), Void Ray  
  90  15:19  Stalker  
  97  15:25  Probe  
  98  15:29  Observer  
  99  15:50  Observer  
  70  16:11  Observer  
  59  16:44  Dark Templar x2  
  59  16:45  Dark Templar x3  
  62  17:08  Phoenix  
  62  17:09  Phoenix x2  
  62  17:19  Dark Templar x3  
  62  17:20  Dark Templar x2  
  68  18:09  Dark Templar  
  68  18:10  Dark Templar x4  
  78  18:51  Dark Templar  
  78  18:52  Dark Templar x4  
  88  18:58  Observer  
  67  19:25  Pylon  
  67  19:28  Phoenix x3, Pylon  
  67  19:30  Pylon  
  73  19:36  Dark Templar x3  
  59  19:53  Phoenix x2  
  50  20:15  Dark Templar x4  
  50  20:16  Dark Templar  
  50  20:18  Phoenix  
  62  20:43  Phoenix  
  62  20:45  Nexus  
  63  21:00  Phoenix  
  65  21:18  Pylon  
  65  21:20  Pylon  
  65  21:23  Pylon  
  67  21:49  Dark Templar x4  
  67  21:50  Dark Templar  
Show
View Real Time Build Order
Export as new Build Order

BLEYSHADOW Protoss 

Build Orders:  

Get SALT Encoding   

  12  0:13  Probe (Chrono Boost)  
  13  0:24  Probe (Chrono Boost)  
  14  0:28  Probe (Chrono Boost)  
  14  0:32  Pylon  
  15  0:50  Probe, Pylon  
  16  1:02  Probe  
  17  1:07  Forge  
  17  1:10  Assimilator  
  17  1:14  Probe  
  18  1:24  Gateway  
  18  1:26  Probe  
  19  1:33  Pylon  
  19  1:42  Photon Cannon  
  19  1:54  Photon Cannon  
  19  1:57  Probe (Chrono Boost)  
  20  2:07  Probe (Chrono Boost)  
  21  2:12  Probe (Chrono Boost)  
  21  2:14  Gateway  
  22  2:24  Probe  
  22  2:26  Cybernetics Core  
  22  2:29  Assimilator  
  23  2:38  Zealot  
  25  2:46  Photon Cannon  
  25  3:09  Nexus  
  25  3:18  Pylon  
  25  3:24  Assimilator  
  25  3:30  Assimilator  
  25  3:39  Stalker  
  27  3:45  Photon Cannon  
  27  3:53  Shield Battery  
  27  4:09  Stargate  
  27  4:19  Stargate  
  27  4:29  Stargate  
  27  4:34  Pylon  
  27  4:44  Stargate  
  25  5:13  Photon Cannon  
  25  5:16  Photon Cannon  
  25  5:21  Pylon  
  23  5:27  Photon Cannon  
  23  5:37  Void Ray  
  23  5:41  Probe (Chrono Boost)  
  28  5:52  Probe (Chrono Boost)  
  29  5:57  Photon Cannon  
  29  6:03  Probe (Chrono Boost)  
  30  6:14  Probe (Chrono Boost)  
  31  6:19  Probe (Chrono Boost)  
  32  6:28  Pylon  
  32  6:30  Probe  
  33  6:34  Photon Cannon  
  33  6:42  Probe  
  33  6:45  Void Ray (Chrono Boost)  
  38  6:54  Probe  
  38  6:56  Pylon  
  38  7:00  Photon Cannon  
  39  7:04  Photon Cannon  
  39  7:05  Void Ray (Chrono Boost)  
  43  7:22  Void Ray (Chrono Boost)  
  47  7:27  Void Ray  
  51  7:40  Probe (Chrono Boost)  
  52  7:50  Probe (Chrono Boost)  
  53  7:55  Probe (Chrono Boost)  
  54  8:03  Void Ray  
  54  8:05  Void Ray  
  62  8:34  Pylon  
  62  8:36  Protoss Air Weapons Level 1, Pylon  
  62  8:39  Pylon  
  62  8:41  Pylon  
  62  8:46  Pylon  
  62  8:52  Void Ray, Probe  
  67  9:04  Probe, Void Ray x2  
  76  9:23  Void Ray  
  76  9:30  Pylon  
  76  9:35  Void Ray, Pylon  
  80  9:47  Void Ray x2  
  88  9:56  Robotics Facility  
  88  10:01  Pylon  
  88  10:03  Photon Cannon  
  88  10:04  Pylon  
  88  10:06  Void Ray  
  88  10:07  Photon Cannon  
  92  10:08  Photon Cannon  
  88  11:13  Void Ray  
  88  11:22  Void Ray  
  88  11:29  Pylon  
  88  11:34  Pylon  
  88  11:37  Pylon  
  88  11:39  Pylon  
  87  11:41  Pylon  
  87  11:52  Void Ray x2  
  95  11:56  Void Ray  
  88  12:05  Void Ray  
  37  14:18  Fleet Beacon  
  37  14:31  Nexus  
  37  14:35  Pylon  
Show
View Real Time Build Order
Export as new Build Order

benoit Terran 

Build Orders:  

Get SALT Encoding   

  12  0:02  SCV  
  13  0:14  SCV  
  14  0:30  Supply Depot  
  14  0:37  SCV  
  15  0:51  SCV  
  15  0:56  Barracks  
  16  1:03  SCV  
  16  1:04  Barracks  
  17  1:15  SCV  
  18  1:26  Supply Depot  
  18  1:28  SCV  
  19  1:40  SCV  
  19  1:41  Barracks  
  19  1:46  Marine  
  21  1:49  Supply Depot  
  21  1:52  SCV  
  22  2:02  Refinery  
  22  2:06  Refinery  
  22  2:08  Marine x2  
  23  2:11  Supply Depot  
  23  2:33  Supply Depot  
  23  2:36  Marine x2  
  23  2:37  Marine  
  26  2:54  Marine x3  
  29  3:09  Engineering Bay  
  29  3:12  Marine x3, SCV  
  33  3:24  SCV  
  34  3:30  Marine x3  
  34  3:33  Supply Depot  
  37  3:36  SCV  
  38  3:47  Marine  
  38  3:48  Marine x2  
  41  4:03  Terran Infantry Weapons Level 1  
  41  4:07  Barracks Tech Lab  
  41  4:08  Barracks Reactor  
  41  4:10  Barracks Reactor  
  41  4:32  Command Center  
  41  4:35  Combat Shield  
  27  5:26  Marine x2  
  27  5:27  Marine x3  
  29  5:44  Marine x3  
  29  5:45  SCV, Marine x2  
  35  5:58  Terran Infantry Armor Level 1, SCV  
  35  6:02  Marine x4  
  35  6:03  Marine  
  41  6:08  SCV  
  41  6:10  SCV  
  43  6:20  Marine, SCV  
  43  6:22  SCV  
  46  6:28  Marine x4  
  46  6:32  SCV  
  51  6:34  SCV  
  51  6:37  Marine  
  50  6:44  SCV  
  50  6:46  SCV  
  46  6:49  Marine x4  
  50  6:55  Marine  
  51  7:06  Marine  
  51  7:07  Marine x2  
  39  7:17  Marine x2  
  35  7:24  Marine x2  
  35  7:25  Marine  
  37  7:35  Marine x2  
  39  7:42  Marine x3  
  42  7:53  Marine x2  
  44  8:00  Marine x3  
  47  8:10  Marine x2  
  49  8:18  Marine x3  
  46  8:27  Supply Depot  
  46  8:28  Marine x2  
  41  8:36  Marine x3  
  35  8:46  Marine x2  
  18  8:53  Marine  
Show
View Real Time Build Order
Export as new Build Order

KuzuPirzola Terran 

Build Orders:  

Get SALT Encoding   

  12  0:03  SCV  
  13  0:33  Supply Depot  
  13  0:44  Engineering Bay  
  13  0:45  SCV  
  14  0:55  Refinery  
  14  0:57  SCV  
  15  1:09  SCV  
  16  1:17  Barracks  
  16  1:21  SCV  
  17  1:34  SCV  
  18  1:46  SCV  
  19  1:48  Missile Turret  
  19  1:58  SCV  
  19  1:59  Refinery  
  20  2:10  SCV  
  20  2:11  Missile Turret  
  21  2:17  Marine  
  20  2:35  Marine  
  17  2:53  Marine  
  18  3:11  Marine  
  19  3:13  SCV  
  20  3:24  Command Center  
  20  3:25  SCV  
  21  3:28  Marine  
  22  3:36  Factory  
  22  3:37  SCV  
  23  3:59  Neosteel Armor  
  23  4:15  Supply Depot  
  23  4:21  Factory  
  23  4:36  SCV  
  24  4:48  SCV  
  25  5:19  Bunker  
  25  5:39  Hi-Sec Auto Tracking  
  25  5:42  SCV  
  26  5:54  SCV  
  27  6:05  Refinery  
  27  6:06  SCV  
  28  6:18  SCV  
  28  6:24  Missile Turret  
  29  6:30  SCV  
  29  6:31  Refinery, SCV  
  31  6:37  Terran Infantry Weapons Level 1, Marine  
  32  6:42  SCV  
  32  6:43  SCV  
  32  6:45  Missile Turret  
  31  6:54  SCV  
  31  6:55  Marine  
  33  7:07  Missile Turret  
  31  7:12  Marine  
  31  7:25  Hellion  
  35  7:30  Marine  
  36  7:38  Hellion  
  31  7:46  Widow Mine  
  31  7:48  Marine  
  33  8:10  Supply Depot  
  31  8:32  Widow Mine x2  
  31  8:33  Supply Depot  
  29  8:53  Widow Mine x2  
  6  9:15  Widow Mine x2  
Show
View Real Time Build Order
Export as new Build Order

Pizza Protoss - Winner!

Build Orders:  

Get SALT Encoding   

  12  0:03  Probe (Chrono Boost)  
  14  0:15  Probe (Chrono Boost)  
  14  0:20  Probe (Chrono Boost)  
  15  0:29  Pylon  
  15  0:47  Probe  
  16  0:50  Forge  
  16  0:59  Probe  
  16  1:00  Pylon  
  17  1:11  Probe, Pylon  
  18  1:24  Gateway  
  18  1:35  Photon Cannon  
  18  1:42  Photon Cannon  
  18  1:56  Pylon  
  18  1:59  Assimilator  
  18  2:02  Assimilator  
  18  2:07  Pylon  
  18  2:14  Probe (Chrono Boost)  
  19  2:25  Probe (Chrono Boost)  
  19  2:29  Probe (Chrono Boost)  
  20  2:32  Photon Cannon  
  21  2:37  Cybernetics Core  
  21  2:40  Probe  
  22  2:50  Photon Cannon  
  22  3:05  Probe (Chrono Boost)  
  23  3:15  Probe (Chrono Boost)  
  24  3:20  Probe (Chrono Boost)  
  25  3:36  Nexus  
  25  3:39  Assimilator  
  25  3:45  Probe (Chrono Boost)  
  26  3:54  Warp Gate  
  27  3:57  Probe (Chrono Boost)  
  27  4:02  Probe (Chrono Boost)  
  28  4:11  Gateway  
  28  4:12  Probe  
  29  4:22  Pylon  
  29  4:28  Robotics Facility  
  29  4:34  Twilight Council  
  29  4:46  Gateway  
  29  4:54  Gateway  
  29  5:01  Photon Cannon  
  29  5:22  Pylon  
  29  5:25  Assimilator  
  29  5:35  Photon Cannon  
  29  5:37  Dark Shrine  
  29  5:42  Observer (Chrono Boost)  
  30  6:02  Immortal (Chrono Boost)  
  35  6:25  Probe (Chrono Boost)  
  35  6:36  Probe (Chrono Boost)  
  36  6:40  Photon Cannon  
  36  6:41  Probe (Chrono Boost)  
  37  6:47  Pylon  
  37  6:52  Probe  
  38  7:18  Dark Templar  
  38  7:19  Dark Templar  
  38  7:21  Dark Templar  
  38  7:22  Dark Templar  
  45  7:48  Pylon  
  44  8:33  Dark Templar  
  46  8:34  Dark Templar  
  46  8:36  Dark Templar  
  46  8:38  Dark Templar  
  48  10:15  Archon  
  48  10:16  Archon x3  
  44  10:49  Dark Templar  
  46  10:50  Dark Templar  
  46  10:51  Dark Templar  
  46  10:53  Dark Templar  
  44  12:02  Dark Templar  
  44  12:04  Dark Templar  
  44  12:05  Dark Templar  
  44  12:07  Dark Templar  
  40  13:48  Dark Templar  
  42  13:50  Dark Templar  
  42  13:51  Dark Templar  
  42  13:53  Dark Templar  
  48  14:52  Dark Templar  
  50  14:54  Dark Templar  
  50  14:56  Dark Templar  
  50  14:58  Dark Templar  
  56  15:18  Pylon  
  56  15:22  Pylon  
  56  15:27  Pylon  
  56  15:33  Pylon  
  56  15:40  Stargate  
  56  15:45  Stargate  
  56  15:46  Stargate, Pylon  
  56  15:52  Stargate  
  56  15:58  Photon Cannon  
  56  16:01  Stargate  
  56  16:17  Cybernetics Core  
  56  16:23  Nexus  
  40  17:40  Observer  
  40  17:43  Void Ray x4  
  40  17:44  Void Ray  
  61  17:53  Photon Cannon  
  61  17:56  Assimilator  
  61  18:01  Assimilator  
  61  18:19  Probe (Chrono Boost)  
  62  18:26  Void Ray x5  
  82  18:30  Probe (Chrono Boost)  
  82  18:32  Probe (Chrono Boost)  
  84  18:35  Probe (Chrono Boost)  
  85  18:41  Probe  
  85  18:46  Probe  
  87  18:50  Observer  
  87  18:53  Probe  
  89  19:05  Probe  
  89  19:06  Pylon  
  89  19:07  Protoss Shields Level 1  
  89  19:09  Void Ray x5  
  110  19:16  Protoss Air Armor Level 1  
  110  19:19  Protoss Air Weapons Level 1  
  110  19:24  Fleet Beacon  
  110  19:25  Pylon  
  110  19:32  Pylon  
  110  20:17  Probe (Chrono Boost)  
  112  20:28  Probe (Chrono Boost)  
  112  20:29  Tempest x4  
  112  20:30  Tempest  
  112  20:33  Probe (Chrono Boost)  
  138  21:12  Void Ray x3, Tempest  
  138  21:16  Tempest  
Show
View Real Time Build Order
Export as new Build Order

Parker Terran - Winner!

Build Orders:  

Get SALT Encoding   

  12  0:02  SCV  
  13  0:20  Supply Depot, SCV  
  14  0:32  SCV  
  15  0:38  Refinery  
  15  0:48  Barracks  
  15  0:49  SCV  
  16  1:01  SCV  
  17  1:07  Barracks  
  17  1:13  SCV  
  18  1:21  Supply Depot  
  18  1:25  SCV  
  19  1:37  SCV  
  20  1:45  Barracks Reactor  
  20  1:50  SCV  
  21  1:55  Supply Depot  
  21  2:05  Barracks Reactor  
  21  2:15  Engineering Bay  
  21  2:24  Marine x2  
  23  2:42  Marine x2  
  23  2:43  Marine x2  
  27  2:50  Terran Infantry Weapons Level 1  
  27  3:00  Marine x2  
  27  3:01  Marine x2  
  31  3:17  Marine  
  31  3:18  Marine  
  31  3:19  Marine x2  
  35  3:29  Factory  
  35  3:35  Marine  
  35  3:36  Marine x2  
  35  3:37  Marine  
  39  3:48  Command Center  
  39  4:03  Supply Depot  
  39  4:08  Supply Depot  
  39  4:24  Marine x4  
  39  4:27  Refinery  
  39  4:30  Supply Depot  
  43  4:42  Marine x4  
  34  5:14  Marine x2  
  34  5:16  Marine x2  
  39  5:21  SCV  
  39  5:32  Marine x2  
  39  5:33  Marine  
  39  5:34  Marine  
  43  5:49  Marine  
  40  5:51  Marine  
  42  6:01  Marine  
  42  6:02  Marine  
  44  6:05  SCV  
  44  6:07  Marine  
  44  6:09  Refinery, Marine  
  47  6:11  Refinery  
  47  6:17  Supply Depot, SCV  
  48  6:18  Marine  
  48  6:19  Factory Tech Lab  
  49  6:29  SCV  
  48  6:41  SCV  
  44  6:53  SCV  
  43  7:20  Marine x2  
  45  7:23  Marine x2  
  45  7:25  SCV  
  48  7:38  Marine x2, SCV  
  48  7:40  Marine x2  
  53  7:50  SCV  
  54  7:56  Marine x2  
  56  7:58  Marine x2  
  56  7:59  SCV  
  56  8:02  SCV  
  56  8:03  Siege Tank  
  63  8:07  Supply Depot  
  63  8:11  SCV  
  64  8:14  SCV, Marine x2  
  64  8:16  Marine x2  
  64  8:19  Armory  
  68  8:26  SCV  
  67  8:32  Marine x2  
  67  8:34  Marine  
  67  9:09  Marine x2  
  68  9:11  Marine x2  
  68  9:15  Terran Infantry Weapons Level 2  
  68  9:19  Terran Vehicle Weapons Level 1  
  58  9:24  Starport  
  58  9:27  Marine x2  
  58  9:29  SCV, Marine x2  
  62  9:32  Orbital Command  
  62  9:41  SCV  
  62  9:44  Marine  
  62  9:45  Marine  
  65  9:47  Marine x2  
  67  10:02  Marine x2  
  67  10:05  Marine x2  
  70  10:17  Starport Tech Lab  
  70  10:20  Marine x2  
  66  10:22  Marine x2  
  66  10:24  Fusion Core  
  60  10:38  Marine x2  
  60  10:40  Marine x2  
  64  10:50  Starport  
  64  10:56  Marine x2  
  66  11:14  Marine x2  
  66  11:16  Marine x2  
  70  11:32  Marine x2  
  72  11:34  Marine x2  
  74  11:49  Marine  
  74  11:50  Marine  
  74  11:51  Marine  
  74  11:52  Marine  
  58  12:07  Marine x2  
  57  12:09  Battlecruiser, Marine x2  
  57  12:11  Starport Tech Lab  
  65  12:20  Starport  
  65  12:25  Marine x2  
  65  12:27  Marine x2  
  69  12:43  Marine x2  
  71  12:45  Thor, Marine x2  
  71  12:50  Battlecruiser  
  85  12:59  Supply Depot  
  85  13:01  Supply Depot, Marine x2  
  85  13:03  Terran Vehicle Weapons Level 2, Marine x2  
  89  13:06  Starport Reactor  
  89  13:09  Starport Tech Lab  
  89  13:19  Marine x2  
  91  13:20  Supply Depot  
  91  13:21  Marine x2  
  93  13:36  Marine x2  
  78  13:54  Marine  
  78  13:55  Battlecruiser  
  84  13:56  Battlecruiser  
  84  13:58  Thor  
  96  14:06  Battlecruiser  
  102  14:16  Command Center  
  102  14:28  Marine x2  
  102  14:30  Marine x2  
  106  14:46  Marine  
  107  14:54  SCV  
  108  15:01  Battlecruiser  
  108  15:06  SCV  
  115  15:18  SCV  
  116  15:26  Weapon Refit  
  116  15:27  Battlecruiser  
  81  16:15  SCV  
  82  16:21  Refinery  
  82  16:28  SCV  
  83  16:40  SCV  
  84  16:52  SCV  
  85  17:04  SCV  
  86  17:16  SCV  
  86  17:17  Banshee  
  86  17:20  Banshee  
  93  17:28  SCV  
  94  17:59  Banshee  
  94  18:01  SCV  
  98  18:13  SCV  
  99  18:25  SCV  
  100  18:37  SCV  
  60  20:34  Marine x2  
  62  20:36  Marine x2  
  62  20:40  Battlecruiser  
  62  20:42  Battlecruiser  
  76  20:43  Battlecruiser  
  82  20:52  Marine x2  
  82  20:54  Marine x2  
  86  21:07  Command Center  
  86  21:09  Marine x2  
  86  21:11  SCV  
  89  21:12  Marine x2  
  89  21:16  Refinery  
  91  21:21  Refinery  
  91  21:23  SCV  
  92  21:27  Marine x2  
  92  21:30  Marine  
  95  21:42  SCV  
Show
View Real Time Build Order
Export as new Build Order

MooEsqoo Protoss - Winner!

Build Orders: 1 Gate Expand, Blink Stalkers, Carriers 

Get SALT Encoding   

  12  0:02  Probe  
  13  0:15  Probe  
  13  0:19  Pylon  
  14  0:31  Probe  
  15  0:38  Gateway  
  15  0:43  Probe  
  15  0:47  Assimilator  
  16  1:00  Probe  
  17  1:28  Nexus  
  17  1:37  Pylon  
  17  1:39  Probe  
  18  1:40  Assimilator  
  18  1:51  Cybernetics Core  
  18  1:54  Probe  
  19  2:06  Probe  
  20  2:18  Probe  
  21  2:27  Stalker  
  23  2:30  Probe  
  24  2:38  Twilight Council  
  24  2:40  Gateway  
  24  2:43  Probe  
  25  2:45  Probe  
  25  2:48  Stalker  
  26  2:54  Warp Gate (Chrono Boost)  
  28  3:12  Gateway  
  28  3:15  Probe  
  29  3:20  Probe  
  29  3:25  Assimilator  
  30  3:33  Probe, Stalker  
  33  3:36  Probe  
  34  3:43  Stalker  
  34  3:45  Probe  
  34  3:46  Blink (Chrono Boost)  
  37  4:04  Robotics Facility  
  37  4:10  Forge  
  37  4:15  Stalker  
  39  4:25  Stalker  
  39  4:26  Pylon  
  41  4:39  Stalker  
  43  4:45  Pylon  
  43  4:47  Pylon  
  43  4:49  Pylon  
  43  4:55  Warp Prism  
  36  5:25  Probe  
  38  5:28  Probe  
  38  5:37  Probe  
  38  5:40  Probe, Stalker  
  38  5:41  Stalker x2  
  46  5:49  Probe  
  47  5:52  Probe  
  48  6:01  Probe  
  49  6:04  Probe  
  49  6:06  Gateway  
  49  6:08  Gateway  
  50  6:13  Stalker x2  
  50  6:17  Probe  
  55  6:27  Stalker  
  55  6:29  Probe  
  56  6:49  Stalker x2  
  60  6:59  Probe  
  61  7:11  Probe  
  58  7:22  Stalker x4  
  62  7:23  Stalker  
  62  7:24  Probe  
  67  7:36  Probe  
  68  7:48  Probe  
  68  7:50  Stalker x4  
  77  8:00  Pylon  
  77  8:01  Pylon  
  77  8:03  Pylon  
  77  8:04  Pylon  
  77  8:05  Probe  
  78  8:06  Assimilator  
  78  8:18  Probe  
  79  8:30  Probe  
  60  8:42  Probe  
  60  8:45  Stalker x4  
  60  8:46  Stalker  
  65  8:54  Probe  
  66  9:09  Gateway  
  62  9:11  Gateway  
  62  9:13  Gateway  
  62  9:14  Gateway  
  62  9:16  Protoss Ground Weapons Level 1 (Chrono Boost)  
  46  9:28  Stalker  
  46  9:29  Stalker x4  
  56  9:53  Stalker x5  
  66  10:17  Nexus  
  56  10:28  Stalker x5  
  58  10:29  Stalker  
  68  10:42  Stalker x3  
  74  10:47  Assimilator  
  74  11:13  Nexus  
  74  11:18  Assimilator  
  74  11:22  Assimilator  
  74  11:26  Assimilator  
  75  11:47  Probe  
  65  11:59  Probe  
  60  12:09  Stalker x3  
  60  12:10  Stalker x5  
  60  12:11  Probe  
  60  12:14  Protoss Ground Weapons Level 2 (Chrono Boost)  
  77  12:23  Probe  
  78  12:35  Probe x2  
  80  12:38  Probe  
  80  12:43  Probe  
  82  12:47  Probe  
  82  12:51  Probe x2  
  85  12:55  Probe  
  85  12:57  Stalker x4  
  85  12:58  Stalker x3  
  96  12:59  Probe  
  96  13:03  Probe  
  102  13:07  Probe  
  102  13:11  Probe  
  104  13:15  Probe  
  105  13:22  Stargate  
  105  13:24  Probe  
  105  13:25  Stargate  
  106  13:27  Probe, Stargate  
  106  13:29  Stargate  
  107  13:37  Probe  
  107  13:39  Probe  
  103  13:47  Stalker  
  103  13:48  Stalker x6  
  87  13:49  Probe  
  87  13:51  Probe  
  83  14:01  Probe  
  84  14:12  Probe  
  84  14:13  Probe  
  86  14:23  Immortal (Chrono Boost)  
  86  14:25  Probe  
  91  14:33  Zealot x2  
  91  14:34  Stalker x2  
  91  14:35  Stalker x5  
  91  14:37  Probe  
  110  14:49  Probe  
  111  15:01  Fleet Beacon  
  111  15:13  Stalker x3  
  111  15:14  Stalker x5, Protoss Air Weapons Level 1 (Chrono Boost)  
  119  15:15  Stalker  
  129  15:46  Stalker x3  
  129  15:47  Stalker x2  
  139  15:54  Pylon  
  139  15:56  Pylon  
  139  15:58  Pylon  
  139  16:00  Pylon  
  139  16:01  Pylon  
  115  16:28  Stalker x2  
  115  16:29  Stalker x6  
  115  16:30  Stalker  
  131  16:37  Carrier x2 (Chrono Boost)  
  131  16:38  Carrier x2 (Chrono Boost)  
  137  17:14  Stalker x6  
  137  17:15  Stalker x2  
  123  17:40  Observer (Chrono Boost)  
  124  17:51  Carrier x2 (Chrono Boost)  
  124  17:52  Carrier (Chrono Boost)  
  124  17:53  Carrier (Chrono Boost)  
  132  18:44  Carrier (Chrono Boost)  
  132  18:45  Carrier (Chrono Boost)  
  132  18:46  Carrier x2 (Chrono Boost)  
  137  19:07  Probe  
  138  19:19  Nexus  
  138  19:21  Assimilator  
  138  19:25  Stalker x2  
  138  19:26  Stalker x3  
  138  19:27  Stalker x4  
  156  19:51  Carrier  
  162  20:06  Pylon  
  162  20:07  Pylon  
  162  20:09  Pylon  
  162  20:10  Pylon  
  162  20:24  Carrier  
  168  20:37  Carrier  
  174  20:45  Probe  
  176  20:57  Probe  
  182  21:09  Probe  
  183  21:21  Probe  
  183  21:25  Nexus  
  184  21:33  Probe  
Show
View Real Time Build Order
Export as new Build Order

mallware Zerg - Winner!

Build Orders: Pool First, Muta Ling Bane 

Get SALT Encoding   

  12  0:12  Extractor  
  11  0:17  Extractor  
  10  0:34  Spawning Pool  
  9  0:38  Drone  
  9  0:39  Drone  
  9  0:42  Drone  
  12  0:59  Overlord  
  12  1:22  Zergling x4  
  14  1:52  Drone x3  
  17  2:02  Evolution Chamber  
  16  2:08  Pneumatized Carapace  
  14  2:56  Drone  
  14  2:57  Drone x2  
  17  3:00  Queen  
  19  3:15  Hatchery  
  19  3:17  Roach Warren  
  17  3:35  Baneling Nest  
  16  3:53  Drone x3  
  19  4:08  Lair  
  19  4:21  Zerg Melee Weapons Level 1  
  19  4:34  Drone  
  20  4:56  Drone x2  
  20  4:57  Drone x5  
  27  5:09  Zergling x2  
  27  5:11  Overlord  
  28  5:29  Spire  
  27  5:37  Drone x2, Nydus Network  
  27  5:42  Drone  
  29  6:08  Drone x2  
  31  6:19  Zergling x6  
  31  6:20  Zergling x4  
  31  6:21  Overlord  
  31  6:22  Overlord  
  31  6:24  Overlord  
  36  6:57  Zerg Missile Weapons Level 1  
  36  7:01  Zergling x4  
  36  7:02  Zergling x2  
  36  7:08  Zergling x6  
  42  7:20  Nydus Canal  
  43  7:30  Zergling x6  
  43  7:34  Zergling x2  
  43  7:35  Zergling x8  
  50  8:00  Zergling x4  
  52  8:09  Drone x3  
  43  8:37  Drone  
  43  8:38  Drone  
  45  8:43  Mutalisk x3  
  45  8:44  Mutalisk x3  
  57  8:51  Zerg Ground Armor Level 1  
  57  8:56  Glial Reconstitution  
  57  8:59  Zerg Flyer Weapons Level 1  
  57  9:01  Centrifical Hooks  
  57  9:04  Drone  
  57  9:05  Drone x2  
  60  9:10  Extractor  
  59  9:17  Overlord x2  
  59  9:38  Mutalisk  
  59  9:39  Mutalisk x2  
  65  9:47  Extractor  
  65  9:51  Drone x2  
  65  9:52  Drone  
  67  10:10  Mutalisk x2  
  71  10:15  Tunneling Claws  
  71  10:45  Zerg Melee Weapons Level 2  
  71  10:53  Zerg Flyer Armor Level 1  
  65  11:46  Corruptor x5  
  75  11:54  Overlord x3  
  65  13:34  Corruptor x4  
  65  13:39  Zerg Flyer Weapons Level 2  
  65  13:41  Zerg Missile Weapons Level 2  
  71  13:47  Corruptor x3  
  73  14:05  Hydralisk Den  
  72  14:12  Infestation Pit  
  72  14:13  Corruptor x3  
  77  14:21  Overlord x2  
  77  14:40  Grooved Spines  
  77  14:45  Corruptor x3  
  83  14:57  Neural Parasite  
  83  15:30  Swarm Host  
  86  15:51  Muscular Augments  
  86  15:55  Zerg Flyer Armor Level 2  
  86  15:57  Zerg Ground Armor Level 2  
  84  16:16  Pathogen Glands  
  84  16:20  Corruptor x2  
  84  16:21  Corruptor  
  90  16:48  Hatchery  
  89  17:19  Swarm Host x3  
  89  17:20  Extractor, Swarm Host x2  
  89  17:21  Extractor  
  102  18:01  Swarm Host x2  
  102  18:02  Swarm Host  
  111  18:11  Corruptor  
  113  18:20  Overlord  
  113  18:21  Overlord x2  
  113  18:36  Zergling x6  
  116  19:21  Swarm Host x5  
  131  19:37  Nydus Canal  
  122  20:30  Mutalisk x2  
  122  20:31  Mutalisk x6  
  122  20:32  Mutalisk  
  136  20:51  Overseer  
  136  21:08  Nydus Canal  
Tags
 
Add a new tag
Caveats
  • Supply blocks, unpowered buildings, or Contaminate may cause inaccurate times.
  • Supply counts are checked every 10 seconds.